 Dungeon Crawl Stone Soup version 0.21-a0-538-gd16b88a (webtiles) character file.

12 tidbits the Digger (level 2, -1/20 HPs)
             Began as a Gnoll Earth Elementalist on Dec 15, 2017.
             Slain by a gnoll
             ... wielding a +0 spear
              (5 damage)
             ... on level 3 of the Dungeon.
             The game lasted 00:01:45 (200 turns).

tidbits the Digger (Gnoll Earth Elementalist)        Turns: 200, Time: 00:01:46

Health: -1/20      AC:  2    Str: 10    XL:     2   Next: 33%
Magic:  5/7        EV: 14    Int: 17    God:
Gold:   40         SH:  0    Dex: 15    Spells: 7/10 levels left

rFire    . . .     SeeInvis .   (no weapon)
rCold    . . .     Gourm    .   (no shield)
rNeg     . . .     Faith    .   c - +0 robe
rPois    .         Spirit   .   (no helmet)
rElec    .         Reflect  .   (no cloak)
rCorr    .         Harm     .   (no gloves)
MR       .....                  (no boots)
Stlth    +++.......             (no amulet)
HPRegen  0.06/turn              (no ring)
MPRegen  0.10/turn              (no ring)

@: no status effects
A: distributed training, fangs 1, strong nose
a: no special abilities


You were on level 3 of the Dungeon.
You were not hungry.

You visited 1 branch of the dungeon, and saw 3 of its levels.

You collected 40 gold pieces.

Inventory:

Hand Weapons
 j - a +0 whip
Missiles
 b - 44 stones (quivered)
Armour
 c - a +0 robe (worn)
Scrolls
 f - a scroll of enchant armour {unknown}
 g - 2 scrolls of identify {unknown}
Potions
 a - a potion of curing {unknown}
 h - 2 potions of mutation {unknown}
Books
 e - a book of Geomancy

   Spells                             Type                      Level
   a - Sandblast                      Earth                        1
   b - Passwall                       Transmutation/Earth          2
   c - Stone Arrow                    Conjuration/Earth            3
   d - Petrify                        Transmutation/Earth          4
   e - Lee's Rapid Deconstruction     Earth                        5
Comestibles
 d - a bread ration
 i - a royal jelly


   Skills:
 + Level 0.3 Fighting
 + Level 0.3 Short Blades
 + Level 0.3 Long Blades
 + Level 0.3 Axes
 + Level 0.3 Maces & Flails
 + Level 0.3 Polearms
 + Level 0.3 Staves
 + Level 0.3 Slings
 + Level 0.3 Bows
 + Level 0.3 Crossbows
 + Level 0.3 Throwing
 + Level 0.3 Armour
 + Level 4.4 Dodging
 + Level 4.0 Stealth
 + Level 0.3 Shields
 + Level 0.3 Unarmed Combat
 + Level 4.9 Spellcasting
 + Level 0.2 Conjurations
 + Level 0.2 Hexes
 + Level 0.2 Charms
 + Level 0.2 Summonings
 + Level 0.2 Necromancy
 + Level 0.2 Translocations
 + Level 2.0 Transmutations
 + Level 0.2 Fire Magic
 + Level 0.2 Ice Magic
 + Level 0.2 Air Magic
 + Level 5.3 Earth Magic
 + Level 0.2 Poison Magic
 + Level 0.4 Invocations
 + Level 0.3 Evocations


You had 7 spell levels left.
You knew the following spells:

 Your Spells              Type           Power        Failure   Level  Hunger
a - Sandblast             Erth           ###...       1%          1    None
w - Passwall              Tmut/Erth      ###.......   4%          2    #......


Dungeon Overview and Level Annotations

Branches:
Dungeon (3/15)

Altars:


Innate Abilities, Weirdness & Mutations

Your experience applies equally to all skills.
You have very sharp teeth.
Your uncanny sense of smell can sniff out nearby items.


Message History

Casting: Sandblast
Confirm with . or Enter, or press ? or * to list all spells.
Aiming: Sandblast
Press: ? - help, Shift-Dir - straight line, f - rat
Aim: a rat The blast of sand hits the rat.
You kill the rat!
b - 48 stones You open the door.
There is an open door here.
Found a scroll labeled CASCHE OSYSTYROT.
Found a smoky amethyst potion.
g - a scroll labeled CASCHE OSYSTYROT Unknown command.
h - a smoky amethyst potion A rat comes into view.
Casting: Sandblast
Confirm with . or Enter, or press ? or * to list all spells.
Aiming: Sandblast
Press: ? - help, Shift-Dir - straight line, f - rat
Aim: a rat (resting)
The blast of sand hits the rat.
You kill the rat!
b - 47 stones You enter a teleport trap!
The teleport trap disappears.
Your surroundings suddenly seem different.
Unknown command.
There is an open door here.
There is a stone staircase leading down here.
You climb downwards.
There is a stone staircase leading up here.
i - a royal jelly
Found a smoky amethyst potion.
Magic restored.
Found 12 gold pieces and a whip.
h - 2 smoky amethyst potions (gained 1)
A giant cockroach comes into view.
Found a club.
Casting: Sandblast
Confirm with . or Enter, or press ? or * to list all spells.
Aiming: Sandblast
Press: ? - help, Shift-Dir - straight line, f - giant cockroach
Aim: a giant cockroach (clinging, resting)
The blast of sand hits the giant cockroach.
You kill the giant cockroach!
b - 46 stones You now have 36 gold pieces (gained 12).
You see here a whip.
j - a whip You open the door.
There is an open door here.
You open the door.
There is an open door here.
Casting: Sandblast
Confirm with . or Enter, or press ? or * to list all spells.
You don't know that spell.
Memorise Passwall, consuming 2 spell levels and leaving 7? [Y]es or [N]o only, please.
Memorise Passwall, consuming 2 spell levels and leaving 7?
You start memorising the spell.
You continue memorising. x2
HP restored.
You finish memorising.
Spell assigned to 'w'.
Casting: Sandblast
Confirm with . or Enter, or press ? or * to list all spells.
Which direction?
You begin to meditate on the wall.
You continue meditating on the rock. x3
You finish merging with the rock.
Found 4 gold pieces and a scroll labeled CASCHE OSYSTYROT.
A frilled lizard comes into view.
Casting: Passwall
Confirm with . or Enter, or press ? or * to list all spells.
Aiming: Sandblast
Press: ? - help, Shift-Dir - straight line, f - frilled lizard
Aim: a frilled lizard (resting)
The blast of sand hits the frilled lizard.
You kill the frilled lizard!
b - 45 stones You now have 40 gold pieces (gained 4).
g - 2 scrolls labeled CASCHE OSYSTYROT (gained 1)
Found a stone staircase leading down.
There is a stone staircase leading down here.
You climb downwards. 3 gnolls and an orc come into view.
The gnoll shouts!
There is a stone staircase leading up here.
Casting: Sandblast
Confirm with . or Enter, or press ? or * to list all spells.
Aiming: Sandblast
Press: ? - help, Shift-Dir - straight line, f - gnoll
Aim: a gnoll, wielding a spear The blast of sand hits the gnoll.
The gnoll is severely wounded.
b - 44 stones The orc shouts!
The gnoll hits you with a club. The gnoll hits you with a spear.
* * * LOW HITPOINT WARNING * * *
The gnoll hits you with a spear.
* * * LOW HITPOINT WARNING * * *
The gnoll hits you with a spear.
You die...

.. .#
.. #.
∆ #.
#.##
#..#
#@## #
#g.#.#
∆
##g..#
#.g##
##o#
.. #.#
.. #.#


You could see 3 gnolls and an orc.

Vanquished Creatures
  2 giant cockroaches (D:2)
  3 jackals (D:1)
  A kobold (D:2)
  2 bats
  A frilled lizard (D:2)
  2 rats (D:1)
11 creatures vanquished.

Notes
Turn   | Place    | Note
-------+----------+-------------------------------------------
     0 | D:1      | tidbits the Gnoll Earth Elementalist began the quest for the Orb.
     0 | D:1      | Reached XP level 1. HP: 13/13 MP: 6/6
    79 | D:1      | Reached skill level 2 in Transmutations
    81 | D:1      | Reached XP level 2. HP: 16/19 MP: 3/7
   178 | D:2      | Learned a level 2 spell: Passwall
   200 | D:3      | Slain by a gnoll

Vault maps used:
D:1:      mrwooster_arrival_statue, okawaru_ov_weapons_minmay
D:2:      kennysheep_generic_room_6, uniq_robin
D:3:      lightli_temple_of_fire, lemuel_doored_altar, old_standard_altar,
          first_bread, lemuel_statue_altar

Skill      XL: |  1 |
---------------+----+-----
Transmutations | 2 |  2.0
Fighting       | |  0.3
Short Blades   | |  0.3
Long Blades    | |  0.3
Axes           | |  0.3
Maces & Flails | |  0.3
Polearms       | |  0.3
Staves         | |  0.3
Slings         | |  0.3
Bows           | |  0.3
Crossbows      | |  0.3
Throwing       | |  0.3
Armour         | |  0.3
Dodging        | |  4.4
Stealth        | |  4.0
Shields        | |  0.3
Unarmed Combat | |  0.3
Spellcasting   | |  4.9
Conjurations   | |  0.2
Hexes          | |  0.2
Charms         | |  0.2
Summonings     | |  0.2
Necromancy     | |  0.2
Translocations | |  0.2
Fire Magic     | |  0.2
Ice Magic      | |  0.2
Air Magic      | |  0.2
Earth Magic    | |  5.3
Poison Magic   | |  0.2
Invocations    | |  0.4
Evocations     | |  0.3

Action                   || total
-------------------------++-------
 Cast: Sandblast         ||    12
       Passwall          ||     1
Dodge: Dodged            ||     1

Table legend:
 A = Spawn XP
 B = Non-spawn XP
 C = Spawn XP percentage of total XP
 D = Spawn monster count
 E = Non-spawn monster count
 F = Spawn count percentage of total count
 G = Total turns spent on level
                    A         B        C        D         E        F      G
               +---------+---------+-------+---------+---------+-------+---------
         Total |       0 |      18 |   0.0 |       0 |      11 |   0.0 |   200
               +---------+---------+-------+---------+---------+-------+---------
           D:1 |       0 |      10 |   0.0 |       0 |       6 |   0.0 |    73
           D:2 |       0 |       8 |   0.0 |       0 |       5 |   0.0 |   124
               +---------+---------+-------+---------+---------+-------+---------

Table legend:
 A = Turns spent in this place as a percentage of turns spent in the entire game.
 B = Non-inter-level travel turns spent in this place as a percentage of non-inter-level travel turns spent in the entire game.
 C = Inter-level travel turns spent in this place as a percentage of turns spent in this place.
 D = Turns resting spent in this place as a percentage of non-inter-level travel turns spent in this place.
 E = Turns spent auto-exploring this place as a percentage of non-inter-level travel turns spent in this place.
 F = Non-inter-level travel turns spent in this place divided by the number of levels of this place that you've seen.
                   A       B       C       D       E      F
               +-------+-------+-------+-------+-------+----------------------
         Total | 100.0 | 100.0 |   0.0 |   0.0 |   0.0 |  66.7
       Dungeon | 100.0 | 100.0 |   0.0 |   0.0 |   0.0 |  66.7
               +-------+-------+-------+-------+-------+----------------------

Table legend:
 A = Kills in this place as a percentage of kills in entire the game.
 B = Kills by you in this place as a percentage of kills by you in the entire game.
 C = Kills by friends in this place as a percentage of kills by friends in the entire game.
 D = Other kills in this place as a percentage of other kills in the entire game.
 E = Experience gained in this place as a percentage of experience gained in the entire game.
 F = Experience gained in this place divided by the number of levels of this place that you have seen.
                   A       B       C       D       E      F
               +-------+-------+-------+-------+-------+----------------------
         Total | 100.0 | 100.0 |   N/A |   N/A | 100.0 |   6.0
       Dungeon | 100.0 | 100.0 |   N/A |   N/A | 100.0 |   6.0
               +-------+-------+-------+-------+-------+----------------------

Vault maps used:
D:1:      mrwooster_arrival_statue, okawaru_ov_weapons_minmay
D:2:      kennysheep_generic_room_6, uniq_robin
D:3:      lightli_temple_of_fire, lemuel_doored_altar, old_standard_altar,
          first_bread, lemuel_statue_altar
